 Dungeon Crawl Stone Soup version 0.31-a0-331-geda263fcf1 (webtiles) character file.

Game seed: 16896049357176871938

667 Fodor the Covered (level 7, -3/61 HPs)
             Began as a Minotaur Fighter on July 18, 2023.
             Slain by a gnoll sergeant
             ... wielding a +0 spear
              (5 damage)
             ... on level 5 of the Dungeon on July 19, 2023.
             The game lasted 00:22:30 (4259 turns).

Fodor the Covered (Minotaur Fighter)                Turns: 4259, Time: 00:22:31

Health: -3/61      AC: 11    Str: 19 (21) XL:     7   Next: 31%
Magic:  6/6        EV:  4    Int:  4 (7)  God:
Gold:   165        SH:  0    Dex:  8 (11) Spells: 6/6 levels left

rFire   . . .        u - +5 falchion "Cepis" {chaos, Dex+2}
rCold   . . .        c - +0 buckler
rNeg    . . .        b - +0 chain mail
rPois   .            (helmet restricted)
rElec   .            (no cloak)
rCorr   .            v - +0 pair of gloves
SInv    .            (no boots)
Will    .....        e - amulet of reflection Stlth
                     (no ring)
HPRegen 0.30/turn    (no ring)
MPRegen 0.10/turn

%: reflection
@: brilliant, held
A: horns 2, retaliatory headbutt
a: no special abilities


You were on level 5 of the Dungeon.
You visited 2 branches of the dungeon, and saw 6 of its levels.

You collected 165 gold pieces.

Inventory:

Hand Weapons
 u - the +5 falchion "Cepis" (weapon) {chaos, Dex+2}
   (You took it off a goblin on level 4 of the Dungeon)

   Dex:       It affects your dexterity (+2).
Missiles
 g - 16 poisoned darts (quivered)
 r - 3 boomerangs
Armour
 b - a +0 chain mail (worn)
 c - a +0 buckler (worn)
 v - a +0 pair of gloves (worn)
Jewellery
 e - an amulet of reflection (around neck)
 h - a ring of protection from cold
 o - a ring of protection from fire
Wands
 p - a wand of flame (16)
 t - a wand of acid (11)
Scrolls
 a - a scroll of enchant weapon {unknown}
 f - a scroll of teleportation {unknown}
 i - 3 scrolls of identify {unknown}
 j - 2 scrolls of revelation {unknown}
 k - 3 scrolls of fog {unknown}
 n - a scroll of blinking {unknown}
 w - a scroll of immolation {unknown}
 x - a scroll of brand weapon {unknown}
Potions
 d - a potion of might
 q - a potion of berserk rage
 s - a potion of curing {unknown}


   Skills:
 + Level 5.0 Fighting
 + Level 5.8 Long Blades
 + Level 0.4 Throwing
 + Level 5.9 Armour
 + Level 1.7 Dodging
 + Level 0.2 Stealth
 + Level 5.8 Shields
 + Level 0.1 Evocations


You had 6 spell levels left.
You didn't know any spells.
Your spell library was empty.

Dungeon Overview and Level Annotations

Branches:
Dungeon (5/15)             Temple (1/1) D:5

Altars:
Cheibriados
Dithmenos
Fedhas
Hepliaklqana
Nemelex Xobeh
Okawaru
Qazlal
Ru
Sif Muna
Trog
Uskayaw
Vehumet
Xom
Zin
The Shining One

Shops:
D:3 *


Innate Abilities, Weirdness & Mutations

You have a pair of horns on your head.
You reflexively headbutt those who attack you in melee.


Message History

The gnoll throws a throwing net.
The throwing net hits you.
You become entangled in the net!
The gnoll hits you with a +0 spear.
The gnoll sergeant hits you with a +0 spear.
You struggle against the net.
The gnoll hits you but does no damage. x2
The gnoll hits you from afar with a +0 halberd.
The gnoll sergeant barely misses you. You furiously retaliate!
You headbutt the gnoll sergeant, but do no damage.
You struggle against the net.
The gnoll completely misses you. The gnoll hits you but does no damage.
The gnoll hits you from afar with a +0 halberd.
The gnoll sergeant hits you with a +0 spear.
You shred the net and break free!
The gnoll hits you but does no damage. x2
You block the gnoll's attack. You block the gnoll sergeant's attack.
You slash the gnoll sergeant!
The gnoll sergeant is severely wounded.
The gnoll hits you but does no damage. The gnoll closely misses you.
You furiously retaliate!
You headbutt the gnoll! The gnoll barely misses you.
The gnoll sergeant hits you with a +0 spear!
* * * LOW HITPOINT WARNING * * *
You barely miss the gnoll sergeant.
The gnoll sergeant is severely wounded.
The gnoll throws a throwing net.
The throwing net hits you.
You become entangled in the net!
The gnoll hits you but does no damage.
The gnoll hits you from afar with a +0 halberd.
* * * LOW HITPOINT WARNING * * *
The gnoll sergeant hits you but does no damage.
It was a potion of degeneration.
There was something very wrong with that liquid.
You feel weakened.
You feel dopey.
You feel clumsy.
The gnoll hits you from afar with a +0 halberd.
* * * LOW HITPOINT WARNING * * *
The gnoll hits you but does no damage.
The gnoll hits you from afar with a +0 halberd.
* * * LOW HITPOINT WARNING * * *
The gnoll sergeant hits you but does no damage.
It was a potion of brilliance.
You feel clever all of a sudden. The gnoll barely misses you.
The gnoll hits you but does no damage. x2
The gnoll sergeant hits you with a +0 spear.
You die...

##. #... ... ..
.# #. ##g######
#.. #..g....###
#..##..@......#
.....)..g....##
#.#...g.#.####
##....### ..#
#.....# #...#
#.....#
.##.#..##.###.###
...#......##...#
.
##.............#


You could see a gnoll sergeant and 3 gnolls.

Vanquished Creatures
  A black bear (D:4)
  An ogre (D:4)
  A phantom (D:4)
  A bullfrog (D:4)
  4 hounds
  2 jellies (D:5)
  An orc wizard (D:5)
  5 adders
  A white imp (D:5)
  An ufetubus (D:5)
  11 orcs
  8 ball pythons
  2 bats
  5 endoplasms
  4 giant cockroaches
  12 goblins
  7 hobgoblins
  4 jackals (D:4)
  11 kobolds
  A quokka (D:1)
  2 frilled lizards
  3 rats (D:1)
88 creatures vanquished.

Notes
Turn   | Place    | Note
-------+----------+-------------------------------------------
     0 | D:1      | Fodor the Minotaur Fighter began the quest for the Orb.
     0 | D:1      | Reached XP level 1. HP: 19/19 MP: 0/0
   201 | D:1      | Reached XP level 2. HP: 27/27 MP: 1/1
   977 | D:2      | Reached XP level 3. HP: 30/33 MP: 2/2
  1604 | D:2      | Found a faded altar of an unknown god.
  2179 | D:3      | Reached XP level 4. HP: 41/41 MP: 3/3
  2267 | D:3      | Found a shadowy altar of Dithmenos.
  2516 | D:3      | Found Zin's Purification Station.
  2519 | D:3      | Found a glowing silver altar of Zin.
  2527 | D:3      | Upgraded the game from 0.31-a0-325-g067879e3d3 to
                  | 0.31-a0-331-geda263fcf1
  2876 | D:4      | Reached skill level 1 in Dodging
  2978 | D:4      | Noticed a bullfrog
  2990 | D:4      | Killed a bullfrog
  2991 | D:4      | Reached XP level 5. HP: 37/47 MP: 4/4
  3253 | D:4      | Noticed a phantom
  3253 | D:4      | Noticed a black bear
  3274 | D:4      | Reached skill level 5 in Shields
  3279 | D:4      | Killed a phantom
  3280 | D:4      | Reached skill level 5 in Armour
  3280 | D:4      | Reached XP level 6. HP: 28/53 MP: 5/5
  3294 | D:4      | Reached skill level 5 in Long Blades
  3566 | D:4      | Identified the +5 falchion "Cepis" {chaos, Dex+2}
  4039 | D:5      | Entered Level 5 of the Dungeon
  4044 | D:5      | Reached XP level 7. HP: 59/60 MP: 6/6
  4054 | D:5      | Reached skill level 5 in Fighting
  4056 | D:5      | Found a staircase to the Ecumenical Temple.
  4122 | Temple   | Entered the Ecumenical Temple
  4258 | D:5      | HP: 2/61 [gnoll/+0 halberd[a gnoll sergeant] (2)]
  4259 | D:5      | Slain by a gnoll sergeant

Illustrated notes

Levels and vault maps discovered:
D:1:      kennysheep_arrival_seaside, layout_loops_corners
D:2:      minmay_skewed_foursquare, layout_basic,
          shapermc_ecumenical_altar_mp_vishouse
D:3:      layout_loops_ring, zin_purify, grunt_dithmenos_smoke
D:4:      layout_loops_ring
D:5:      layout_cave_pools, minmay_temple_entry_drinking_statues
Temple:   cyrus_circular_temple

Skill      XL: |  1  2  3  4  5  6  7 |
---------------+----------------------+-----
Shields        | 4 5 |  5.8
Armour         | 4 5 |  5.9
Fighting       | 4 5 |  5.0
Long Blades    | 3 4 5 |  5.8
Dodging        | 1 |  1.7
Throwing       | |  0.4
Stealth        | |  0.2
Evocations     | |  0.1

Action                     |  1- 3 |  4- 6 |  7- 9 || total
---------------------------+-------+-------+-------++-------
  Melee: Long sword        |    89 |   106 |       ||   195
         Headbutt          |     9 |     9 |     3 ||    21
         Falchion          |       |     6 |    26 ||    32
  Throw: Dart              |       |     5 |       ||     5
  Evoke: Wand              |       |     3 |       ||     3
    Use: Potion            |       |     1 |     2 ||     3
 Armour: Scale mail        |    37 |    14 |       ||    51
         Chain mail        |       |    29 |    21 ||    50
  Dodge: Dodged            |    39 |    45 |    12 ||    96
  Block: Buckler           |    47 |    67 |    10 ||   124
         Reflection        |     1 |       |       ||     1

Table legend: (Time is in decaauts)
 A = Elapsed time spent in this place.
 B = Non-inter-level travel time spent in this place.
 C = Inter-level travel time spent in this place.
 D = Time resting spent in this place.
 E = Time spent auto-exploring this place.
 F = Levels seen in this place.
 G = Mean time per level.
                   A        B        C        D        E       F      G
               +--------+--------+--------+--------+--------+-----+--------+
         Total |   4318 |   4185 |    133 |    596 |      0 |   6 |  719.7 |
       Dungeon |   4283 |   4150 |    133 |    596 |      0 |   5 |  856.6 |
        Temple |     34 |     34 |      0 |      0 |      0 |   1 |   34.0 |
               +--------+--------+--------+--------+--------+-----+--------+

Top non-repeatable levels by time:
     D:4: 1207 daAuts
     D:2: 1159 daAuts
     D:1: 979 daAuts
     D:3: 750 daAuts
     D:5: 186 daAuts
  Temple: 34 daAuts
